 Dungeon Crawl Stone Soup version 0.28-a0-1190-g77e1c55843 (webtiles) character file.

Game seed: 15677695745715987836

109 ChaosChampion the Magician (level 4, -1/24 HPs)
             Began as a Deep Elf Conjurer on Dec 18, 2021.
             Slain by a ball python (3 damage)
             ... on level 3 of the Dungeon.
             The game lasted 00:01:17 (2070 turns).

ChaosChampion the Magician (Deep Elf Conjurer)      Turns: 2070, Time: 00:01:18

Health: -1/24      AC:  2    Str:  4    XL:     4   Next: 60%
Magic:  11/13      EV: 12    Int: 25    God:
Gold:   77         SH:  0    Dex: 13    Spells: 11/14 levels left

rFire   . . .      SeeInvis .   (no weapon)
rCold   . . .      Faith    .   (no shield)
rNeg    . . .      Spirit   .   a - +0 robe
rPois   .          Reflect  .   (no helmet)
rElec   .          Harm     .   (no cloak)
rCorr   .          Rampage  .   (no gloves)
Will    .....                   (no boots)
Stlth   ++........              (no amulet)
HPRegen 0.08/turn               (no ring)
MPRegen 0.13/turn               (no ring)

@: no status effects
A: no striking features
a: no special abilities


You were on level 3 of the Dungeon.
You visited 1 branch of the dungeon, and saw 3 of its levels.

You collected 77 gold pieces.

Inventory:

Armour
 a - a +0 robe (worn)
Jewellery
 f - a ring of poison resistance
Scrolls
 b - a scroll of amnesia {unknown}
 c - a scroll of fear {unknown}
 e - a scroll of enchant weapon {unknown}
Potions
 d - a potion of mutation {unknown}


   Skills:
 - Level 2.4 Dodging
 - Level 2.4 Stealth
 * Level 5.7 Spellcasting
 + Level 5.2 Conjurations


You had 11 spell levels left.
You knew the following spells:

 Your Spells              Type           Power      Damage    Failure   Level
a - Magic Dart            Conj           100%       1d8       1%          1
b - Searing Ray           Conj           66%        2d6       1%          2

Your spell library contained the following spells:

 Spells                   Type           Power      Damage    Failure   Level
 Static Discharge         Conj/Air       20%        N/A       4%          2
 Dazzling Flash           Conj/Hex       40%        N/A       8%          3
 Fulminant Prism          Conj/Hex       10%        3d9       26%         4
 Iskenderun's Mystic Bla  Conj/Tloc      20%        2d6       26%         4
 Sticky Flame             Conj/Fire      20%        2d4       26%         4
 Dispel Undead            Necr           7%         3d8       58%         4


Dungeon Overview and Level Annotations

Branches:
Dungeon (3/15)

Altars:
Uskayaw


Message History

The orc priest is severely wounded.
The orc priest hits you with a +0 dagger of speed.
Casting: Searing Ray (safe; 1% risk of failure)
Confirm with . or Enter, or press ? or * to list all spells.
Restarting spell: Searing Ray (safe; 1% risk of failure)
Press: ? - help, Shift-Dir - straight line, f/p - orc priest
Aim: an orc priest, wielding a +0 dagger of speed and wearing a +0 ring mail (severely wounded, 83% to hit)
The searing ray hits the orc priest.
You kill the orc priest! (Press . to maintain the ray.) HP restored.
Magic restored.
Things that are here:
a +0 dagger of speed; a +0 ring mail; an orc corpse Done exploring.
Done exploring.
There is a stone staircase leading down here.
You climb downwards.
The orc hits you with a +0 short sword.
The orc hits you with a +0 whip of flaming.
The orc burns you. The endoplasm barely misses you.
There is a stone staircase leading up here.
Casting: Searing Ray (safe; 1% risk of failure)
Confirm with . or Enter, or press ? or * to list all spells.
Aiming: Searing Ray (safe; 1% risk of failure)
Press: ? - help, Shift-Dir - straight line, f - orc
Aim: an orc, wielding a +0 short sword and wearing a +0 leather armour (81% to hit)
The searing ray hits the orc.
The orc is lightly wounded. (Press . to maintain the ray.)
The ball python bites you. The ball python grabs you.
The ball python constricts you. The orc hits you with a +0 short sword.
The orc hits you with a +0 whip of flaming.
* * * LOW HITPOINT WARNING * * *
The orc burns you.
* * * LOW HITPOINT WARNING * * *
The endoplasm barely misses you.
You escape the ball python's grasp.
The orc hits you with a +0 short sword.
* * * LOW HITPOINT WARNING * * *
The ball python bites you.
You die...

.8. #### ....
...#####....
#...........
#...........
#....o......
.###..^[S....8.
......o@.......
...#..o.J.....#
#...........
.............
##..........!.
#...........#
#.....##...##
###.... ..##


You could see 3 orcs, an endoplasm and a ball python.

Vanquished Creatures
  An orc priest (D:2)
  An orc wizard (D:3)
  2 adders (D:2)
  A dart slug (D:1)
  6 endoplasms
  2 giant cockroaches
  3 goblins
  A hobgoblin (D:1)
  4 kobolds
  5 ball pythons
  A bat (D:1)
  3 frilled lizards
  8 rats
38 creatures vanquished.

Vanquished Creatures (others)
  4 toadstools (D:1)
4 creatures vanquished.

Grand Total: 42 creatures vanquished

Notes
Turn   | Place    | Note
-------+----------+-------------------------------------------
     0 | D:1      | ChaosChampion the Deep Elf Conjurer began the quest for the
                  | Orb.
     0 | D:1      | Reached XP level 1. HP: 10/10 MP: 6/6
   126 | D:1      | Found a faded altar of an unknown god.
   215 | D:1      | Reached XP level 2. HP: 15/15 MP: 5/8
   229 | D:1      | Learned a level 2 spell: Searing Ray
  1221 | D:2      | Found a hide-covered altar of Uskayaw.
  1244 | D:2      | Reached XP level 3. HP: 19/19 MP: 7/10
  1768 | D:2      | Reached skill level 5 in Spellcasting
  1962 | D:3      | Reached skill level 5 in Conjurations
  1962 | D:3      | Reached XP level 4. HP: 24/24 MP: 5/13
  2070 | D:3      | Slain by a ball python

Illustrated notes

Levels and vault maps discovered:
D:1:      ldierk_walled_garden_2, layout_basic, serial_curves, eino_curves_04,
          eino_curves_01, eino_curves_02, hellmonk_ecumenical_altar_arch_garden
D:2:      layout_basic, basic_altar, minmay_3d_cube
D:3:      layout_rooms, st_stairs_1

Skill      XL: |  1  2  3 |
---------------+----------+-----
Spellcasting   | 4 5 |  5.7
Conjurations   | 5 |  5.2
Dodging        | |  2.4
Stealth        | |  2.4

Action                   |  1- 3 |  4- 6 || total
-------------------------+-------+-------++-------
 Cast: Magic Dart        |    63 |       ||    63
       Searing Ray       |     4 |     3 ||     7
Dodge: Dodged            |     2 |     2 ||     4

Table legend: (Time is in decaauts)
 A = Elapsed time spent in this place.
 B = Non-inter-level travel time spent in this place.
 C = Inter-level travel time spent in this place.
 D = Time resting spent in this place.
 E = Time spent auto-exploring this place.
 F = Levels seen in this place.
 G = Mean time per level.
                   A        B        C        D        E       F      G
               +--------+--------+--------+--------+--------+-----+--------+
         Total |   2072 |   2040 |     32 |      0 |   1893 |   3 |  690.7 |
       Dungeon |   2072 |   2040 |     32 |      0 |   1893 |   3 |  690.7 |
               +--------+--------+--------+--------+--------+-----+--------+

Top non-repeatable levels by time:
     D:1: 1034 daAuts
     D:2: 1030 daAuts
     D:3: 8 daAuts
